 Dungeon Crawl Stone Soup version 0.28-a0-1159-g27aa881441 (webtiles) character file.

Game seed: 16373634924031112700

115 bearlyready the Insei (level 5, -5/33 HPs)
             Began as an Octopode Transmuter on Dec 15, 2021.
             Slain by an orc (6 damage)
             ... on level 3 of the Dungeon.
             The game lasted 00:03:07 (2906 turns).

bearlyready the Insei (Octopode Transmuter)         Turns: 2906, Time: 00:03:07

Health: -5/33      AC:  2    Str:  9    XL:     5   Next: 0%
Magic:  5/8        EV: 19    Int: 18    God:
Gold:   115        SH:  0    Dex: 17    Spells: 2/8 levels left

rFire   . . .      SeeInvis .     - Unarmed
rCold   . . .      Faith    .   (shield currently unavailable)
rNeg    . . .      Spirit   .   (helmet currently unavailable)
rPois   x          Reflect  .   (no amulet)
rElec   .          Harm     .   (no ring)
rCorr   .          Rampage  .   (no ring)
Will    .....                   (no ring)
Stlth   ++........              (no ring)
HPRegen 0.11/turn               (no ring)
MPRegen 0.11/turn               (no ring)
                                (no ring)
                                (no ring)

@: brilliant, spider-form
A: venomous fangs, almost no armour, (amphibious), 8 rings, tiny, (camouflage
1), (gelatinous body 1), (nimble swimmer 1), (tentacles)
a: End Transformation


You were on level 3 of the Dungeon.
You were a venomous arachnid creature.
You visited 1 branch of the dungeon, and saw 4 of its levels.

You collected 115 gold pieces.

Inventory:

Wands
 e - a wand of polymorph (2)
Scrolls
 a - a scroll of amnesia {unknown}
 b - a scroll of torment {unknown}
 d - 2 scrolls of identify {unknown}
 f - a scroll of immolation {unknown}
Potions
 c - a potion of brilliance


   Skills:
 - Level 1.0 Fighting
 - Level 2.0 Dodging
 + Level 4.1 Unarmed Combat
 - Level 2.0 Spellcasting
 + Level 3.4 Transmutations
 + Level 2.1 Poison Magic


You had 2 spell levels left.
You knew the following spells:

 Your Spells              Type           Power      Damage    Failure   Level
a - Beastly Appendage     Tmut           42%        N/A       13%         1
b - Wereblood             Tmut           21%        N/A       19%         2
c - Spider Form           Tmut/Pois      17%        N/A       36%         3

Your spell library contained the following spells:

 Spells                   Type           Power      Damage    Failure   Level
 Passwall                 Tmut/Erth      9%         N/A       32%         2
 Swiftness                Air            2%         N/A       69%         3
 Ice Form                 Ice/Tmut       11%        N/A       83%         4


Dungeon Overview and Level Annotations

Branches:
Dungeon (4/15)
 Temple: D:4-7

Altars:

Shops:
D:1 *


Innate Abilities, Weirdness & Mutations

You are a venomous arachnid creature.
You have poisonous fangs.
You are tiny and dextrous.
Your spellcasting is less reliable in this form.
Your armour is entirely melded.
You are incapable of wielding weapons or throwing items.
You cannot wear most types of armour.
((You are amphibious.))
You can wear up to eight rings at the same time.
((Your skin changes colour to match your surroundings (Stealth+).))
((Your rubbery body absorbs attacks. (AC +1, EV +1)))
((You are camouflaged near water. (Stealth+)))
((You have tentacles for arms and can constrict up to eight enemies at once.))


Message History

The orc wizard hits you with a +0 dagger.
The orc hits you with a +0 flail.
* * * LOW HITPOINT WARNING * * *
You release your grip on the orc wizard.
It was a potion of brilliance.
You feel clever all of a sudden. The orc hits you with a +0 flail.
* * * LOW HITPOINT WARNING * * *
Casting: Spider Form (quite dangerous; 17% risk of failure)
Confirm with . or Enter, or press ? or * to list all spells.
The spell is quite dangerous to miscast (17% risk of failure)!
Continue anyway? [Y]es or [N]o only, please.
The spell is quite dangerous to miscast (17% risk of failure)!
Continue anyway?
You feel a surge of power!
You miscast Spider Form.
You are very lightly contaminated with residual magic.
Nothing appears to happen.
The orc closely misses you.
The orc wizard mumbles some strange words.
The orc wizard flickers and vanishes!
Deactivating autopickup; reactivate with Ctrl-A.
Your magical contamination has completely faded away.
You see here a +0 mace.
There is a stone staircase leading up here.
The orc hits you with a +0 flail.
* * * LOW HITPOINT WARNING * * *
You climb upwards.
Reactivating autopickup.
Found a club.
There is a stone staircase leading down here.
Casting: Spider Form (quite dangerous; 17% risk of failure)
Confirm with . or Enter, or press ? or * to list all spells.
The spell is quite dangerous to miscast (17% risk of failure)!
Continue anyway?
You feel a surge of power!
You turn into a venomous arachnid creature.
The ball python hisses angrily.
The orc hits you with a +0 flail.
* * * LOW HITPOINT WARNING * * *
You hit the orc but do no damage.
The orc is poisoned.
The orc hits you with a +0 flail.
You die...

### #s#
#######o#
..)....S#
#######.#
#.# #.#
#.# #.#
#..


You could see an orc (very poisoned) and a ball python.

Vanquished Creatures
  A centaur skeleton (D:3)
  An adder (D:2)
  2 worms
  A dart slug (D:1)
  4 orcs (D:4)
  4 ball pythons
  4 bats
  8 endoplasms
  4 giant cockroaches (D:1)
  6 hobgoblins
  3 jackals (D:3)
  6 kobolds
  6 quokkas
  A frilled lizard (D:1)
  7 goblins
  A rat (D:3)
59 creatures vanquished.

Notes
Turn   | Place    | Note
-------+----------+-------------------------------------------
     0 | D:1      | bearlyready the Octopode Transmuter began the quest for the
                  | Orb.
     0 | D:1      | Reached XP level 1. HP: 13/13 MP: 3/3
    27 | D:1      | Found Acobb's General Store.
    99 | D:1      | Reached XP level 2. HP: 13/18 MP: 5/5
   619 | D:1      | Reached XP level 3. HP: 22/23 MP: 6/6
   622 | D:1      | Learned a level 2 spell: Wereblood
   627 | D:1      | Learned a level 3 spell: Spider Form
  1337 | D:2      | Reached skill level 1 in Poison Magic
  1370 | D:2      | Found a faded altar of an unknown god.
  1611 | D:2      | Reached XP level 4. HP: 28/28 MP: 7/7
  2028 | D:3      | Reached skill level 4 in Unarmed Combat
  2485 | D:3      | Noticed an ice beast
  2883 | D:4      | Reached XP level 5. HP: 28/33 MP: 8/8
  2905 | D:3      | HP: 1/33 [orc (2)]
  2906 | D:3      | Slain by an orc

Illustrated notes

Levels and vault maps discovered:
D:1:      minmay_arrival_glassed_features, layout_loops_ring, serial_shops,
          shop, serial_rivers, chequers_serial_rivers_micro_d,
          chequers_serial_rivers_micro_c, chequers_serial_rivers_large_b,
          chequers_serial_rivers_micro_b, chequers_serial_rivers_room_b
D:2:      layout_basic, hellmonk_ecumenical_altar_pennies_from_heaven
D:3:      minmay_bubble_buster, layout_basic, st_stairs_2
D:4:      layout_cave_pods, kennysheep_mini_moat, lightli_temple_of_fire

Skill      XL: |  1  2  3  4 |
---------------+-------------+-----
Transmutations | 3 |  3.4
Poison Magic   | 1 2 |  2.1
Unarmed Combat | 4 |  4.1
Fighting       | |  1.0
Dodging        | |  2.0
Spellcasting   | |  2.0

Action                   |  1- 3 |  4- 6 || total
-------------------------+-------+-------++-------
Melee: Unarmed           |    90 |    58 ||   148
       Tentacles         |    17 |    11 ||    28
       Constrict         |    21 |     7 ||    28
       Punch             |     2 |     1 ||     3
       Kick              |     5 |     4 ||     9
 Cast: Beastly Appendage |     3 |     1 ||     4
       Wereblood         |     2 |     2 ||     4
       Spider Form       |       |     2 ||     2
  Use: Potion            |       |     1 ||     1
 Stab: Sleeping          |     9 |     3 ||    12
Armor: Skin              |     9 |     4 ||    13
Dodge: Dodged            |    57 |    42 ||    99

Table legend: (Time is in decaauts)
 A = Elapsed time spent in this place.
 B = Non-inter-level travel time spent in this place.
 C = Inter-level travel time spent in this place.
 D = Time resting spent in this place.
 E = Time spent auto-exploring this place.
 F = Levels seen in this place.
 G = Mean time per level.
                   A        B        C        D        E       F      G
               +--------+--------+--------+--------+--------+-----+--------+
         Total |   2894 |   2853 |     41 |     19 |   2284 |   4 |  723.5 |
       Dungeon |   2894 |   2853 |     41 |     19 |   2284 |   4 |  723.5 |
               +--------+--------+--------+--------+--------+-----+--------+

Top non-repeatable levels by time:
     D:1: 1149 daAuts
     D:2: 838 daAuts
     D:3: 629 daAuts
     D:4: 278 daAuts
